 Dungeon Crawl Stone Soup version 0.27.1-1-g398f81649c (webtiles) character file.

Game seed: 7572834098910529824

56 Crownlay the Chopper (level 3, -1/31 HPs)
             Began as a Hill Orc Fighter on Sept 18, 2021.
             Slain by a hornet zombie (2 damage)
             ... on level 3 of the Dungeon.
             The game lasted 00:01:44 (1614 turns).

Crownlay the Chopper (Hill Orc Fighter)             Turns: 1614, Time: 00:01:44

Health: -1/31      AC:  8    Str: 19    XL:     3   Next: 95%
Magic:  3/3        EV:  9    Int:  8    God:
Gold:   114        SH:  0    Dex: 16    Spells: 2/2 levels left

rFire    . . .     SeeInvis .   a - +0 war axe
rCold    . . .     Faith    .   (no shield)
rNeg     + . .     Spirit   .   b - +0 scale mail
rPois    .         Reflect  .   (no helmet)
rElec    .         Harm     .   l - +0 cloak
rCorr    .         Rampage  .   (no gloves)
Will     .....                  (no boots)
Stlth    ..........             (no amulet)
HPRegen  0.10/turn              h - ring of positive energy
MPRegen  0.08/turn              i - +6 ring of dexterity

@: no status effects
A: no striking features
a: no special abilities


You were on level 3 of the Dungeon.
You visited 1 branch of the dungeon, and saw 3 of its levels.

You collected 114 gold pieces.

Inventory:

Hand Weapons
 a - a +0 war axe (weapon)
Missiles
 g - 4 javelins (quivered)
Armour
 b - a +0 scale mail (worn)
 c - a +0 kite shield
 l - a +0 cloak (worn)
Jewellery
 h - a ring of positive energy (left hand)
 i - a +6 ring of dexterity (right hand)
Scrolls
 f - a scroll of teleportation {unknown}
 k - a scroll of identify {unknown}
Potions
 d - a potion of might
 e - 2 potions of flight {unknown}
 j - a potion of berserk rage {unknown}
 m - a potion of curing {unknown}
 n - a potion of magic {unknown}


   Skills:
 - Level 3.6 Fighting
 * Level 5.5 Axes
 - Level 3.2 Armour
 - Level 3.2 Shields


You had 2 spell levels left.
You didn't know any spells.
Your spell library was empty.

Dungeon Overview and Level Annotations

Branches:
Dungeon (3/15)

Altars:


Message History

The hornet zombie is lightly damaged.
The hornet zombie hits you.
The hornet zombie hits you but does no damage.
You slash the hornet zombie!
The hornet zombie is heavily damaged.
The hornet zombie barely misses you.
You closely miss the hornet zombie.
The hornet zombie is heavily damaged.
The hornet zombie barely misses you. The hornet zombie hits you.
You barely miss the hornet zombie.
The hornet zombie is heavily damaged.
The hornet zombie closely misses you. x2
You barely miss the hornet zombie.
The hornet zombie is heavily damaged.
The hornet zombie barely misses you.
You barely miss the hornet zombie.
The hornet zombie is heavily damaged.
The hornet zombie completely misses you.
The hornet zombie hits you.
You are too injured to fight recklessly!
You are too injured to fight recklessly!
You are too injured to fight recklessly!
You are too injured to fight recklessly!
You are too injured to fight recklessly!
You closely miss the hornet zombie.
The hornet zombie is heavily damaged.
The hornet zombie hits you.
You hit the hornet zombie but do no damage.
The hornet zombie is heavily damaged.
The hornet zombie hits you but does no damage.
The hornet zombie barely misses you.
You slash the hornet zombie!
The hornet zombie is severely damaged.
The hornet zombie barely misses you.
You hit the hornet zombie but do no damage.
The hornet zombie is severely damaged.
The hornet zombie hits you!
* * * LOW HITPOINT WARNING * * *
The hornet zombie hits you.
You die...

#( #.
##.##
...#
#..#
#.)#
#..#
##..#
#..@#
#.#Z#
#.#.#
# #.#
..#
..#
.#..
.#..
#.##.


You could see a hornet zombie.

Vanquished Creatures
  3 adders
  A worm (D:2)
  A bat (D:2)
  2 endoplasms (D:1)
  A giant cockroach (D:2)
  4 goblins
  3 hobgoblins (D:1)
  3 kobolds
  3 quokkas (D:1)
  3 frilled lizards
  A rat (D:1)
25 creatures vanquished.

Notes
Turn   | Place    | Note
-------+----------+-------------------------------------------
     0 | D:1      | Crownlay the Hill Orc Fighter began the quest for the Orb.
     0 | D:1      | Reached XP level 1. HP: 19/19 MP: 1/1
    68 | D:1      | Reached skill level 3 in Axes
   184 | D:1      | Reached XP level 2. HP: 26/26 MP: 2/2
   300 | D:1      | Reached skill level 4 in Axes
   408 | D:1      | Found a faded altar of an unknown god.
   899 | D:2      | Reached XP level 3. HP: 25/31 MP: 3/3
  1129 | D:2      | Reached skill level 5 in Axes
  1614 | D:3      | HP: 1/31 [hornet zombie (10)]
  1614 | D:3      | Slain by a hornet zombie

Illustrated notes

Levels and vault maps discovered:
D:1:      sevenhm_arrival_forest_fort_large_4, layout_basic,
          shapermc_ecumenical_altar_pompeii, hangedman_decor_slide_cut
D:2:      layout_basic, chequers_serial_rivers_room_b
D:3:      minmay_bubble_buster, layout_loops_ring,
          nicolae_overflow_hidden_temple

Skill      XL: |  1  2  3 |
---------------+----------+-----
Axes           | 3 4 5 |  5.5
Fighting       | |  3.6
Armour         | |  3.2
Shields        | |  3.2

Action                   || total
-------------------------++-------
Melee: War axe           ||    80
Armor: Scale mail        ||    30
Dodge: Dodged            ||    44
